 Dungeon Crawl Stone Soup version 0.27.0-65-ge2af304b15 (webtiles) character file.

Game seed: 9890267453343435348

8 VictoriousLee the Insei (level 2, -1/14 HPs)
             Began as a Vine Stalker Transmuter on Aug 18, 2021.
             Succumbed to a kobold's poison
             ... on level 1 of the Dungeon.
             The game lasted 00:02:26 (329 turns).

VictoriousLee the Insei (Vine Stalker Transmuter)    Turns: 329, Time: 00:02:26

Health: -1/14      AC:  2    Str: 12    XL:     2   Next: 8%
Magic:  4/6        EV: 12    Int: 13    God:
Gold:   26         SH:  0    Dex: 14    Spells: 5/6 levels left

rFire    . . .     SeeInvis .   b - +0 dagger
rCold    . . .     Faith    .   (no shield)
rNeg     . . .     Spirit   +   a - +0 robe
rPois    .         Reflect  .   (no helmet)
rElec    .         Harm     .   (no cloak)
rCorr    .         Rampage  .   (no gloves)
Will     .....                  (no boots)
Stlth    +.........             (no amulet)
HPRegen  0.04/turn              (no ring)
MPRegen  0.10/turn              (no ring)

@: lethally poisoned (-1 -> -7)
A: fangs 2, magic shield, antimagic bite, no potion heal 2
a: no special abilities


You were on level 1 of the Dungeon.
You visited 1 branch of the dungeon, and saw 1 of its levels.

You collected 26 gold pieces.

Inventory:

Hand Weapons
 b - a +0 dagger (weapon)
Armour
 a - a +0 robe (worn)


   Skills:
 - Level 0.8 Fighting
 - Level 1.5 Dodging
 - Level 3.0 Unarmed Combat
 * Level 2.9 Spellcasting
 - Level 2.0 Transmutations


You had 5 spell levels left.
You knew the following spells:

 Your Spells              Type           Power      Damage    Failure   Level
a - Beastly Appendage     Tmut           14%        N/A       10%         1

Your spell library contained the following spells:

 Spells                   Type           Power      Damage    Failure   Level
 Wereblood                Tmut           7%         N/A       16%         2
 Spider Form              Tmut/Pois      2%         N/A       43%         3
 Ice Form                 Ice/Tmut       4%         N/A       83%         4


Dungeon Overview and Level Annotations

Branches:
Dungeon (1/15)

Altars:


Innate Abilities, Weirdness & Mutations

You have extremely sharp teeth.
When hurt, damage is shared between your health and your magic reserves.
Your bite disrupts and absorbs the magic of your enemies.
Potions cannot restore your health.


Message History

You bite the goblin.
You kill the goblin!
You closely miss the kobold.
The kobold hits you with a +0 dagger of venom.
You are poisoned.
You closely miss the kobold.
You feel sick.
The kobold hits you with a +0 dagger of venom.
You hit the kobold but do no damage.
You feel sick. The kobold closely misses you.
A kobold comes into view. It is wielding a +0 whip.
You feel sick.
Your horns disappear.
Your talons disappear.
* * * LOW HITPOINT WARNING * * *
You feel sick.
The kobold shouts!
* * * LOW HITPOINT WARNING * * *
You feel sick.
Press: ? - help, v - describe, . - travel
Here: a kobold, wielding a +0 dagger of venom The floor.
You aren't carrying any potions.
* * * LOW HITPOINT WARNING * * *
You feel sick.
* * * LOW HITPOINT WARNING * * *
You feel sick.
You are no longer poisoned.
Things that are here:
a jackal skeleton; a jackal skeleton
There is an open door here.
You hit the kobold but do no damage. Your bite misses the kobold.
The kobold closely misses you.
You hit the kobold.
The kobold is severely wounded.
The kobold hits you with a +0 dagger of venom.
* * * LOW HITPOINT WARNING * * *
You closely miss the kobold.
The kobold is severely wounded.
The kobold hits you but does no damage.
You are lethally poisoned!
You die...

##### #<.P♣ #..♣♣
#P.≈♣ #≈..♣#
#♣..≈### #≈P..+.#
### #♣♣.♣#.# #.#
♣@≈#.# #.# #'##.#
#.# #K##.# #.#
#rK..# #.##
####.#########..##
#.K..K.JK÷.....
#########.#####
#.# ###K#


You could see 2 kobolds and a rat.

Vanquished Creatures
  A giant cockroach (D:1)
  4 jackals (D:1)
  2 goblins (D:1)
7 creatures vanquished.

Notes
Turn   | Place    | Note
-------+----------+-------------------------------------------
     0 | D:1      | VictoriousLee the Vine Stalker Transmuter began the quest
                  | for the Orb.
     0 | D:1      | Reached XP level 1. HP: 9/9 MP: 4/4
   295 | D:1      | Reached XP level 2. HP: 14/14 MP: 4/6
   329 | D:1      | Succumbed to a kobold's poison

Illustrated notes

Levels and vault maps discovered:
D:1:      tarquinn_simple_flora_water_f, layout_rooms,
          hellmonk_ecumenical_altar_blasted

Action                   || total
-------------------------++-------
Melee: Unarmed           ||    16
       Kick              ||     8
       Dagger            ||     8
       Bite              ||     2
 Cast: Beastly Appendage ||     3
Armor: Robe              ||     2
Dodge: Dodged            ||    12
